 Dungeon Crawl Stone Soup version 0.11.3 (webtiles) character file.

3120 CodaKJazz the Changer (level 9, -6/55 (58) HPs)
             Began as a Sludge Elf Stalker on June 9, 2023.
             Was a Follower of Nemelex Xobeh.
             Mangled by a centaur
             ... wielding a -1,+0 orcish flail
              (8 damage)
             ... on Level 8 of the Dungeon.
             The game lasted 01:10:51 (11576 turns).

CodaKJazz the Changer (Sludge Elf Stalker)         Turns: 11576, Time: 01:10:51

HP  -6/55 (58)   AC 10     Str 11      XL: 9   Next: 66%
MP  19/19        EV 13     Int 16      God: Nemelex Xobeh [*.....]
Gold 375         SH  0     Dex 16      Spells:  5 memorised,  1 level left

Res.Fire  : . . .   See Invis. : .   a - +2,+3 elf dagger {=f}
Res.Cold  : . . .   Warding    : .   e - +0 orc leather armour {rPois}
Life Prot.: . . .   Conserve   : .   (no shield)
Res.Poison: +       Res.Corr.  : .   p - +1 golden helmet
Res.Elec. : .       Clarity    : .   c - +2 elf cloak
Sust.Abil.: . .     Spirit.Shd : .   U - +0 pair of orc gauntlets
Res.Mut.  : .       Stasis     : .   T - +0 pair of boots
Res.Rott. : .       Ctrl.Telep.: .   (no amulet)
Saprovore : . . .   Levitation : .   (no ring) Ctrl.Flight: .
                                     (no ring)

@: somewhat resistant to hostile enchantments, stealthy
A: no striking features
a: Draw One, Renounce Religion


You were on level 8 of the Dungeon.
You worshipped Nemelex Xobeh.
Nemelex Xobeh was pleased with you.
You were hungry.

You visited 2 branches of the dungeon, and saw 11 of its levels.

You collected 355 gold pieces.

Inventory:

Hand weapons
 a - a +2,+3 elven dagger (weapon) {=f}
 b - a +1,+0 sling
 j - a -1,+1 orcish club
 r - a +0,+1 orcish short sword
 w - a +0 orcish blowgun
 G - a +1,+3 dwarven dagger of draining
 K - a +0,+0 elven dagger
Missiles
 t - 10 arrows
 u - 28 darts
 z - 2 sling bullets
 C - 4 needles of confusion
 I - 33 poisoned needles
 S - 12 darts of dispersal (quivered)
 W - 3 stones
Armour
 c - a +2 elven cloak (worn)
 e - a +0 orcish leather armour of poison resistance (worn)
 l - a +0 cloak of poison resistance
 p - a +1 golden helmet (worn)
 F - a +1 orcish ring mail
 T - a +0 pair of boots (worn)
 U - a +0 pair of orcish gauntlets (worn)
Magical devices
 k - a wand of slowing (0) {unknown}
 m - a wand of lightning (0)
 x - a wand of fire (8)
 R - a wand of confusion (0)
 X - a wand of paralysis (6) {unknown}
Comestibles
 f - a bread ration
Scrolls
 y - a scroll of blinking
 D - 3 scrolls of remove curse
 M - a scroll of fog
 N - a scroll of recharging {unknown}
Jewellery
 H - an uncursed amulet of resist mutation {unknown}
 O - an uncursed amulet of inaccuracy {unknown}
 Z - an uncursed ring of protection from fire {unknown}
Potions
 g - 3 potions of degeneration
 i - 2 potions of decay
 n - a potion of levitation {unknown}
 o - a potion of resistance
 s - a potion of curing
 v - 2 potions of poison
 B - a potion of cure mutation
 E - 2 potions of restore abilities {unknown}
 L - a potion of berserk rage {unknown}
Books
 d - a book of Stalking

   Spells                             Type                      Level
   *Fulsome Distillation              Transmutation/Necromancy     1
   *Evaporate                         Fire/Transmutation           2
   *Passwall                          Transmutation/Earth          3
   *Petrify                           Transmutation/Earth          4
   *Dig                               Transmutation/Earth          4
Miscellaneous
 q - a plain deck of escape {drawn: 4} {god gift}


   Skills:
 + Level 5.7 Fighting
 + Level 1.6 Short Blades
 - Level 3.8 Slings
 + Level 3.3 Throwing
 + Level 4.2 Dodging
 - Level 3.0 Stealth
 - Level 3.0 Stabbing
 + Level 3.9 Spellcasting
 - Level 7.2 Transmutations
 - Level 2.0 Fire Magic
 + Level 7.0 Earth Magic


You had one spell level left.
You knew the following spells:

 Your Spells              Type           Power        Failure   Level  Hunger
a - Fulsome Distillation  Trmt/Necr      N/A          6%          1    None
b - Evaporate             Fire/Trmt      ####...      6%          2    ##.....
c - Passwall              Trmt/Erth      #####.....   3%          3    ###....
d - Petrify               Trmt/Erth      #####....    12%         4    ####...
e - Dig                   Trmt/Erth      #####....    12%         4    ####...


Dungeon Overview and Level Annotations

Branches:
Dungeon (10/27)            Temple (1/1) D:5             Orc (0/4) D:8
   Lair: D:8-13

Altars:
Ashenzari
Cheibriados
Elyvilon
Fedhas
Kikubaaqudgha
Makhleb
Nemelex Xobeh
Okawaru
Sif Muna
Trog
Xom
Yredelemnul
Zin
the Shining One
Lugonu

Annotations
D:4 exclusion: downstairs
D:6 exclusion: troll
D:9 Joseph


Message History

The centaur wields an uncursed orcish flail.
The centaur hits you with an uncursed orcish flail.
* * * LOW HITPOINT WARNING * * *
You see here an arrow.
You hit the centaur.
The centaur is almost dead.
The centaur closely misses you.
You hit the centaur.
The centaur is almost dead.
The centaur hits you but does no damage.
The centaur hits you with an uncursed orcish flail!
* * * LOW HITPOINT WARNING * * *
Evoke which item? (* to show all) (? for menu, Esc to quit)
Zapping:
x - a wand of fire {zapped: 2}
Press: ? - help, Shift-Dir - straight line, f/p - centaur
Aim: a centaur, wielding an orcish flail (almost dead)
The bolt of fire misses the centaur.
The centaur hits you with an uncursed orcish flail!
You die...
Your body disappears without a glow.

#......#############..
#..........).(........#
#cc.##########........#
##########c..# #........#
..........c..# #........
.............# #........
.............# #..n.....
.............##########.......
...............(@............
.....############c##########
.....# #.# ##...# #.# #...#
#.# #...# #(# #...# #.# #...#
#.# #...############.#


You could see a centaur.

Vanquished Creatures
  A hippogriff (D:8)
  2 necrophages
  3 orc warriors
  A sky beast (D:7)
  5 centaurs
  2 ogres
  2 giant frogs
  Blork the orc (D:7)
  A water moccasin skeleton (D:4)
  3 killer bees (D:9)
  A killer bee zombie (D:6)
  7 hounds
  A crimson imp (D:5)
  2 goliath beetles
  A quasit (D:5)
  Crazy Yiuf (D:7)
  3 orc priests
  An iguana (D:5)
  A hound skeleton (D:6)
  A scorpion (D:9)
  7 orc wizards
  7 worker ants
  3 jellies
  6 gnolls
  9 adders
  A giant centipede zombie (D:9)
  An adder zombie (D:7)
  2 giant mites
  2 iguana skeletons
  A worm (D:6)
  A gnoll zombie (D:6)
  5 giant geckos
  An ooze (D:2)
  29 orcs
  10 bats
  5 giant cockroaches
  12 hobgoblins
  9 kobolds
  A quokka (D:2)
  2 ball pythons
  3 giant newts
  8 goblins
  2 hobgoblin zombies
  9 jackals
  A kobold skeleton (D:6)
  An orc skeleton (D:9)
  An orc zombie (D:5)
  8 rats
  A rat zombie (D:5)
188 creatures vanquished.

Vanquished Creatures (others)
  A giant gecko (D:3)
  2 orcs
  3 hobgoblins
  2 giant newts (D:3)
  10 toadstools
18 creatures vanquished.

Grand Total: 206 creatures vanquished

Notes
Turn   | Place    | Note
--------------------------------------------------------------
     0 | D:1      | CodaKJazz, the Sludge Elf Stalker, began the quest for the Orb.
     0 | D:1      | Reached XP level 1. HP: 13/13 MP: 1/1
   418 | D:1      | Reached XP level 2. HP: 18/18 MP: 3/3
   423 | D:1      | Learned a level 2 spell: Evaporate
   459 | D:1      | Reached skill level 3 in Transmutations
  1305 | D:2      | Found an iron altar of Okawaru.
  1385 | D:2      | Reached XP level 3. HP: 23/23 MP: 4/4
  1442 | D:2      | Reached skill level 1 in Fire Magic
  1619 | D:3      | Found a glowing silver altar of Zin.
  1619 | D:3      | Noticed a glowing angel
  1657 | D:3      | Found a glowing golden altar of the Shining One.
  1997 | D:2      | Reached XP level 4. HP: 23/29 MP: 2/6
  3000 | D:3      | Reached skill level 1 in Throwing
  3079 | D:3      | Reached XP level 5. HP: 14/34 MP: 10/10
  3104 | D:3      | Found a shimmering altar of Xom.
  3594 | D:4      | Reached skill level 4 in Transmutations
  3964 | D:4      | Reached XP level 6. HP: 38/40 MP: 12/12
  3969 | D:4      | Learned a level 3 spell: Passwall
  4118 | D:5      | Entered Level 5 of the Dungeon
  4498 | D:5      | Reached skill level 1 in Earth Magic
  4564 | D:5      | Found a staircase to the Ecumenical Temple.
  4594 | Temple   | Entered the Ecumenical Temple
  4612 | Temple   | Became a worshipper of Nemelex Xobeh
  4614 | Temple   | Received a gift from Nemelex Xobeh
  4798 | D:5      | Reached skill level 1 in Slings
  4983 | D:5      | Reached XP level 7. HP: 38/45 MP: 15/15
  5070 | D:5      | Reached skill level 5 in Transmutations
  5774 | D:6      | Noticed a troll
  6551 | D:7      | Noticed Blork the orc
  7558 | D:6      | Learned a level 4 spell: Petrify
  7578 | D:6      | Reached XP level 8. HP: 38/51 MP: 17/17
  7590 | D:6      | Found a white marble altar of Elyvilon.
  7719 | D:7      | Killed Blork the orc
  8012 | D:7      | Noticed Crazy Yiuf
  8136 | D:7      | Reached skill level 6 in Transmutations
  8191 | D:7      | Found a snail-covered altar of Cheibriados.
  8590 | D:7      | Reached skill level 5 in Earth Magic
  8729 | D:8      | Got a polished quarterstaff
  8849 | D:8      | Found a staircase to the Orcish Mines.
  9242 | D:8      | Reached XP level 9. HP: 53/53 MP: 18/18
  9306 | D:8      | Reached skill level 7 in Transmutations
  9378 | D:9      | Noticed Joseph
  9392 | D:9      | Found a deep blue altar of Sif Muna.
  9409 | D:10     | Entered Level 10 of the Dungeon
  9428 | D:10     | Acquired Nemelex Xobeh's first power
  9514 | D:10     | Noticed a hill giant
  9634 | D:9      | HP: 1/54 [killer bee (4)]
  9937 | D:9      | Found a basalt altar of Yredelemnul.
  9966 | D:9      | Reached skill level 5 in Fighting
 10621 | D:2      | Learned a level 4 spell: Dig
 10813 | D:5      | Reached skill level 1 in Short Blades
 11125 | D:7      | Killed Crazy Yiuf
 11387 | D:9      | Found a burning altar of Makhleb.
 11575 | D:8      | HP: 1/55 [centaur/uncursed orcish flail (9)]
 11576 | D:8      | Mangled by a centaur
